 Dungeon Crawl Stone Soup version 0.17.0-1-g61d176b (webtiles) character file.

1416 Ijustatesigmund the Fighter (level 8, -5/112 HPs)
             Began as a Minotaur Berserker on Nov 8, 2015.
             Was a Priest of Trog.
             Slain by a phantom (8 damage)
             ... on level 6 of the Dungeon.
             The game lasted 00:12:11 (5247 turns).

Ijustatesigmund the Fighter (Minotaur Berserker)    Turns: 5247, Time: 00:12:11

Health: -5/112     AC:  2    Str: 27    XL:     8   Next: 43%
Magic:  7/7        EV: 12    Int:  4    God:    Trog [***...]
Gold:   235        SH:  4    Dex: 12    Spells: 0 memorised, 7 levels left

rFire  . . .     SeeInvis .     a - +1 hand axe
rCold  . . .     Clarity  .     b - +0 animal skin
rNeg   . . .     SustAt   .     l - +0 buckler
rPois  .         Gourm    .     (helmet restricted)
rElec  .         Spirit   .     (no cloak)
rCorr  .         Warding  .     (no gloves)
rMut   .         Stasis   .     (no boots)
MR     .....                    (no amulet)
Stlth  ..........               (no ring)
                                (no ring)

@: berserking, very quick, not resistant to hostile enchantments, extremely
unstealthy
A: retaliatory headbutt, horns 2
a: Berserk, Trog's Hand, Burn Spellbooks, Renounce Religion


You were on level 6 of the Dungeon.
You worshipped Trog.
Trog was most pleased with you.
You were very hungry.

You visited 1 branch of the dungeon, and saw 6 of its levels.

You collected 235 gold pieces.

Inventory:

Hand Weapons
 a - a +1 hand axe (weapon)
Missiles
 x - 6 tomahawks (quivered)
Armour
 b - a +0 animal skin (worn)
 l - a +0 buckler (worn)
Jewellery
 j - an uncursed amulet of stasis {unknown}
Wands
 g - a wand of lightning (11)
Scrolls
 d - 3 scrolls of remove curse
 e - 2 scrolls of magic mapping
 h - 7 scrolls of teleportation
 n - 2 scrolls of immolation {unknown}
Potions
 i - a potion of might {unknown}
 k - a potion of haste {unknown}
 m - a potion of berserk rage
 o - 2 potions of cancellation
 p - 4 potions of curing
 t - a potion of poison {unknown}
 v - a potion of flight {unknown}
Comestibles
 c - 6 bread rations
 f - a royal jelly
 q - a beef jerky
 r - a slice of pizza
 s - a meat ration
 w - 3 fruits


   Skills:
 * Level 8.7 Fighting
 + Level 8.1 Axes
 + Level 3.4 Armour
 - Level 2.1 Dodging
 - Level 3.0 Stealth
 - Level 3.7 Shields


You had 7 spell levels left.
You didn't know any spells.

Dungeon Overview and Level Annotations

Branches:
Dungeon (6/15)             Temple (0/1) D:4

Altars:
Ashenzari
Cheibriados
Elyvilon
Makhleb
Okawaru
Ru
Trog
Zin
The Shining One

Shops:
D:4 =


Innate Abilities, Weirdness & Mutations

You reflexively headbutt those who attack you in melee.
You have a pair of horns on your head.


Message History

Things that are here:
a shortbow; 22 arrows; a smoky sapphire potion You hit the centaur.
You headbutt the centaur!
You kill the centaur!
Trog accepts your kill.
You hit the sky beast but do no damage. You hit the phantom.
The phantom is lightly damaged.
You closely miss the sky beast. You slash the phantom!
The phantom is moderately damaged.
The sky beast hits you.
* * * LOW HITPOINT WARNING * * *
The sky beast shocks you.
* * * LOW HITPOINT WARNING * * *
The phantom closely misses you.
You slash the sky beast!
The sky beast is moderately wounded.
You hit the phantom.
The phantom is moderately damaged.
The phantom hits you!
You die...

#...###.#
#.......#
###<#...#
#.#...#
#.#.#.# ♣♣♣♣
#.#...#
♣♣...♣♣
#.###.#
♣..$..♣
#.....#
♣...W)♣♣♣ ♣
#######
♣.lY@..♣ ♣♣♣♣
♣.♣.♣♣(♣♣
♣.♣♣♣♣... ♣
♣(♣♣ ♣....)♣♣
♣♣(♣♣♣
♣♣♣♣...♣
♣♣(.♣♣♣
♣♣...♣
♣♣♣..♣♣♣
♣.....
♣♣♣..♣♣♣..♣♣♣
♣♣♣....♣♣
♣♣♣♣♣♣


You could see a phantom, a sky beast and a giant gecko.

Vanquished Creatures
  Sigmund (D:2)
  Eustachio (D:4)
  Menkaure (D:4)
  3 centaurs
  A phantom (D:4)
  A scorpion (D:4)
  A hound (D:4)
  2 centaur zombies (D:6)
  3 crimson imps
  2 centaur skeletons
  Jessica (D:2)
  3 worker ants
  A killer bee zombie (D:5)
  A hound skeleton (D:4)
  3 gnolls (D:3)
  A worker ant zombie (D:5)
  11 adders
  A shadow imp (D:5)
  An ooze (D:1)
  3 worms
  2 adder skeletons (D:4)
  A giant gecko (D:5)
  7 orcs
  A ball python (D:4)
  5 giant cockroaches
  5 hobgoblins
  9 jackals
  8 kobolds
  3 quokkas
  2 bats
  A giant cockroach zombie (D:6)
  8 giant newts
  10 goblins
  A jackal skeleton (D:4)
  7 rats
112 creatures vanquished.

Notes
Turn   | Place    | Note
--------------------------------------------------------------
     0 | D:1      | Ijustatesigmund the Minotaur Berserker began the quest for the Orb.
     0 | D:1      | Reached XP level 1. HP: 19/19 MP: 0/0
    24 | D:1      | Reached skill level 4 in Fighting
    33 | D:1      | Reached XP level 2. HP: 17/27 MP: 1/1
   678 | D:2      | Noticed Sigmund
   695 | D:2      | Killed Sigmund
   695 | D:2      | Reached skill level 5 in Fighting
   695 | D:2      | Reached skill level 5 in Axes
   695 | D:2      | Reached XP level 3. HP: 26/37 MP: 2/2
   695 | D:2      | Reached XP level 4. HP: 31/44 MP: 3/3
   695 | D:2      | Reached XP level 5. HP: 35/50 MP: 4/4
   895 | D:2      | Reached skill level 6 in Fighting
   937 | D:2      | Found a shattered altar of Ashenzari.
   981 | D:2      | Noticed Jessica
   986 | D:2      | Killed Jessica
  1157 | D:2      | Reached ** piety under Trog
  1731 | D:3      | Found a snail-covered altar of Cheibriados.
  1752 | D:3      | Reached XP level 6. HP: 58/58 MP: 5/5
  1768 | D:3      | Found a white marble altar of Elyvilon.
  1831 | D:3      | Found a glowing silver altar of Zin.
  2450 | D:3      | Reached skill level 1 in Stealth
  2827 | D:4      | Noticed Eustachio
  2863 | D:4      | Killed Eustachio
  2863 | D:4      | Reached skill level 7 in Fighting
  2863 | D:4      | Reached skill level 1 in Shields
  3076 | D:4      | Found Sinuduh's Jewellery Emporium.
  3363 | D:4      | Reached XP level 7. HP: 47/66 MP: 6/6
  3505 | D:4      | Found a burning altar of Makhleb.
  3565 | D:4      | Found a glowing golden altar of the Shining One.
  3745 | D:4      | Reached *** piety under Trog
  3811 | D:4      | Found a staircase to the Ecumenical Temple.
  3863 | D:4      | Noticed Menkaure
  3874 | D:4      | Killed Menkaure
  4142 | D:5      | Entered Level 5 of the Dungeon
  4328 | D:5      | Reached skill level 8 in Fighting
  4328 | D:5      | Reached XP level 8. HP: 70/74 MP: 7/7
  4514 | D:5      | Found a sacrificial altar of Ru.
  4749 | D:5      | Found an iron altar of Okawaru.
  5106 | D:6      | Found a bloodstained altar of Trog.
  5246 | D:6      | HP: 3/112 [sky beast (5)]
  5247 | D:6      | Slain by a phantom

Action                   |  1- 3 |  4- 6 |  7- 9 || total
-------------------------+-------+-------+-------++-------
Melee: Hand axe          |    21 |   162 |   148 ||   331
Invok: Berserk           |     1 |     2 |     2 ||     5
       Burn Spellbooks   |       |       |     1 ||     1
  Use: Scroll            |       |     3 |     4 ||     7
       Potion            |       |     1 |       ||     1
 Stab: Sleeping          |       |     2 |     5 ||     7
       Distracted        |       |       |     1 ||     1
  Eat: Chunk             |       |    10 |     7 ||    17
